 Dungeon Crawl Stone Soup version 0.30-a0-172-gc5509c9e31 (webtiles) character file.

Game seed: 6033191868524378485

617 qw the Chopper (level 7, -1/43 HPs)
             Began as a Gargoyle Fighter on Oct 1, 2022.
             Was a Follower of Okawaru.
             Slain by Prince Ribbit (3 damage)
             ... on level 6 of the Dungeon.
             The game lasted 00:01:22 (2580 turns).

qw the Chopper (Gargoyle Fighter)                   Turns: 2580, Time: 00:01:22

Health: -1/43      AC: 15    Str: 21    XL:     7   Next: 45%
Magic:  7/9        EV:  9    Int:  9    God:    Okawaru [*.....]
Gold:   206        SH:  5    Dex:  9    Spells: 6/6 levels left

rFire   . . .      SeeInvis .    Y - +1 war axe
rCold   . . .      Faith    .    c - +0 buckler
rNeg    + . .      Spirit   .    i - +0 chain mail
rPois   inf        Reflect  .    (no helmet)
rElec   +          Harm     .    (no cloak)
rCorr   .          Rampage  .    (no gloves)
Will    .....                    (no boots)
Stlth   ..........               (no amulet)
HPRegen 0.27/turn                (no ring)
MPRegen 0.11/turn                (no ring)

@: heroic
A: sickness immunity, AC +4, negative energy resistance 1, electricity
resistance, torment resistance 1, petrification resistance
a: Renounce Religion, Heroism


You were on level 6 of the Dungeon.
You worshipped Okawaru.
Okawaru was aware of your devotion.
You visited 1 branch of the dungeon, and saw 5 of its levels.

You collected 206 gold pieces.


Innate Abilities, Weirdness & Mutations

You are immune to sickness and miasma.
Your stone body is resilient. (AC +4)
You are immune to poison.
You resist negative energy. (rN+)
You are resistant to electric shocks. (rElec)
You are resistant to unholy torment.
You are immune to petrification.


   Skills:
 - Level 4.0(9.0) Fighting
 + Level 6.3(11.3) Axes
 - Level 3.2(8.2) Armour
 - Level 1.3(6.3) Dodging
 - Level 3.2(8.2) Shields
 + Level 2.7 Invocations


You had 6 spell levels left.
You didn't know any spells.
Your spell library was empty.

Inventory:

Hand Weapons
 n - a +0 whip
 Y - a +1 war axe (weapon)
Armour
 c - a +0 buckler (worn)
 i - a +0 chain mail (worn)
Scrolls
 a - a scroll of identify
 h - a scroll of brand weapon {unknown}
Potions
 b - a potion of haste {unknown}
 d - a potion of might
 e - a potion of berserk rage {unknown}
 f - a potion of curing
 g - a potion of ambrosia {unknown}
 k - a potion of mutation {unknown}

Dungeon Overview and Level Annotations

Branches:
Dungeon (4/15)
 Temple: D:4-7

Altars:
Okawaru

Annotations:
D:6 Prince Ribbit


Message History

Prince Ribbit comes into view.
The hound barely misses you.
2564 ||| INVOKING Heroism.
You gain the combat prowess of a mighty hero.
The hound bites you but does no damage.
The hound pauses to sniff the ground.
The hound bites you but does no damage.
You barely miss the hound.
The hound is heavily wounded.
The hound bites you but does no damage.
A howler monkey comes into view.
You slash the hound!
You kill the hound!
Okawaru accepts your kill. You block Prince Ribbit's attack.
You miss Prince Ribbit.
Prince Ribbit hits you but does no damage.
You closely miss Prince Ribbit. Prince Ribbit hits you!
You closely miss Prince Ribbit. Prince Ribbit hits you!
Prince Ribbit closely misses you.
The howler monkey hits you but does no damage.
You barely miss Prince Ribbit. You hit the howler monkey.
Prince Ribbit blinks!
You block the howler monkey's attack.
You slash the howler monkey!
The howler monkey is almost dead.
The howler monkey misses you.
You slash the howler monkey!
You kill the howler monkey!
Okawaru accepts your kill.
Prince Ribbit blinks!
You start resting.
Prince Ribbit is nearby!
Prince Ribbit blinks!
You start resting.
Prince Ribbit is nearby!
You hit Prince Ribbit.
Prince Ribbit is lightly wounded.
Prince Ribbit hits you! Prince Ribbit hits you.
You die...

.......h####...######
.....................
....................
....................
..#.###.##.#...#.##
..>. #.##.#...# #..
..##.#%).#.# #.
#####.%....>##
#..@......#
#..F......#
............#
##.#.........#
#.....!........
..............##
..............#
#............#


You could see Prince Ribbit.

Vanquished Creatures
  A water moccasin (D:6)
  A phantom (D:3)
  2 scorpions (D:6)
  2 howler monkeys (D:6)
  A hound (D:6)
  An orc priest (D:3)
  An iguana (D:2)
  A gnoll (D:1)
  7 adders
  3 worms
  A dart slug (D:1)
  7 orcs
  8 endoplasms
  3 giant cockroaches
  2 goblins (D:2)
  6 hobgoblins
  6 jackals
  3 quokkas
  7 ball pythons
  2 bats
  4 frilled lizards
  3 hobgoblin zombies (D:6)
  6 kobolds
  A kobold zombie (D:6)
  2 rats (D:1)
81 creatures vanquished.

Notes
Turn   | Place    | Note
-------+----------+-------------------------------------------
     0 | D:1      | qw the Gargoyle Fighter began the quest for the Orb.
     0 | D:1      | Reached XP level 1. HP: 14/14 MP: 1/1
     0 | D:1      | 0 ||| qw: Version: 0.2-a-13-gfc7b4b4
     0 | D:1      | 0 ||| qw: Game counter: 1828
     0 | D:1      | 0 ||| qw: Always use a shield: true
     0 | D:1      | 0 ||| qw: God list: Okawaru
     0 | D:1      | 0 ||| qw: Allow faded altars: false
     0 | D:1      | 0 ||| qw: Do Orc after D:15 true
     0 | D:1      | 0 ||| qw: Do second Lair branch before Depths: true
     0 | D:1      | 0 ||| qw: Lair rune preference: random
     0 | D:1      | 0 ||| qw: Plans: Normal, Zot:1-4, God:TSO, Crypt, Tomb,
                  | Pan, Slime:5, Hells, Abyss, Orb
     0 | D:1      | 0 ||| PLANNING D:1-11
    38 | D:1      | Reached skill level 2 in Axes
   199 | D:1      | Reached XP level 2. HP: 19/19 MP: 2/2
   202 | D:1      | 202 ||| Stepping ~*~*~tactically~*~*~ (stealth).
   204 | D:1      | 204 ||| Stepping ~*~*~tactically~*~*~ (stealth).
   205 | D:1      | 205 ||| Stepping ~*~*~tactically~*~*~ (stealth).
   206 | D:1      | 206 ||| Stepping ~*~*~tactically~*~*~ (stealth).
   228 | D:1      | 228 ||| Stepping ~*~*~tactically~*~*~ (stealth).
   270 | D:1      | Reached skill level 3 in Axes
   270 | D:1      | Reached XP level 3. HP: 23/23 MP: 3/3
   425 | D:1      | 425 ||| Stepping ~*~*~tactically~*~*~ (stealth).
   435 | D:1      | 435 ||| DROPPING +0 club.
   531 | D:1      | 531 ||| Stepping ~*~*~tactically~*~*~ (stealth).
   781 | D:1      | 781 ||| READING 2 scrolls labelled LAUCRI CANUDGH.
   782 | D:1      | 782 ||| READING scroll labelled KEEDAMUO RAREN.
   883 | D:1      | 883 ||| READING scroll labelled ECUODO ELUFF.
   884 | D:1      | 884 ||| READING scroll labelled QEINAR GEJOZE.
   885 | D:1      | 885 ||| READING scroll labelled FORGHO HOUHYW.
   889 | D:1      | 889 ||| DRINKING 2 golden potions.
   890 | D:1      | 890 ||| DRINKING 2 coppery potions.
   891 | D:1      | 891 ||| DROPPING potion of brilliance.
   971 | D:2      | Reached XP level 4. HP: 26/28 MP: 4/4
   994 | D:2      | Reached skill level 4 in Axes
  1200 | D:2      | 1200 ||| Stepping ~*~*~tactically~*~*~ (stealth).
  1266 | D:2      | 1266 ||| Stepping ~*~*~tactically~*~*~ (stealth).
  1497 | D:2      | 1497 ||| UPGRADING to +0 chain mail.
  1507 | D:2      | 1507 ||| DROPPING +0 scale mail.
  1508 | D:2      | 1508 ||| READING scroll labelled MET ZUUMMAKE.
  1509 | D:2      | 1509 ||| READING scroll labelled ORONUS YGHEAM.
  1548 | D:3      | 1548 ||| STAIRDANCE
  1553 | D:2      | Reached XP level 5. HP: 32/32 MP: 5/5
  1605 | D:3      | 1605 ||| FLEEEEING.
  1606 | D:3      | 1606 ||| FLEEEEING.
  1607 | D:3      | 1607 ||| FLEEEEING.
  1608 | D:3      | 1608 ||| FLEEEEING.
  1609 | D:3      | 1609 ||| FLEEEEING.
  1610 | D:3      | 1610 ||| FLEEEEING.
  1611 | D:3      | 1611 ||| FLEEEEING.
  1612 | D:3      | 1612 ||| FLEEEEING.
  1613 | D:3      | 1613 ||| FLEEEEING.
  1614 | D:3      | 1614 ||| STAIRDANCE
  1652 | D:3      | 1652 ||| STAIRDANCE
  1717 | D:3      | 1717 ||| DROPPING +2 vorpal hand axe.
  1797 | D:3      | 1797 ||| FLEEEEING.
  1798 | D:3      | 1798 ||| FLEEEEING.
  1799 | D:3      | 1799 ||| FLEEEEING.
  1800 | D:3      | 1800 ||| FLEEEEING.
  1801 | D:3      | 1801 ||| FLEEEEING.
  1802 | D:3      | 1802 ||| FLEEEEING.
  1803 | D:3      | 1803 ||| FLEEEEING.
  1804 | D:3      | 1804 ||| FLEEEEING.
  1805 | D:3      | 1805 ||| FLEEEEING.
  1806 | D:3      | 1806 ||| FLEEEEING.
  1807 | D:3      | 1807 ||| FLEEEEING.
  1808 | D:3      | 1808 ||| FLEEEEING.
  1809 | D:3      | 1809 ||| FLEEEEING.
  1810 | D:3      | 1810 ||| FLEEEEING.
  1811 | D:3      | 1811 ||| FLEEEEING.
  1812 | D:3      | 1812 ||| FLEEEEING.
  1813 | D:3      | 1813 ||| STAIRDANCE
  1856 | D:3      | 1856 ||| STAIRDANCE
  1924 | D:3      | Found an iron altar of Okawaru.
  1925 | D:3      | 1925 ||| PLANNING OKAWARU WORSHIP
  1932 | D:3      | Became a worshipper of Warmaster Okawaru
  1933 | D:3      | 1933 ||| PLANNING D:1-11
  2018 | D:3      | Noticed a phantom
  2025 | D:3      | Killed a phantom
  2026 | D:3      | Reached skill level 5 in Axes
  2038 | D:3      | HP: 6/32 [orc/+0 club (3)]
  2043 | D:3      | Reached XP level 6. HP: 5/38 MP: 6/6
  2050 | D:3      | HP: 5/38 [orc/+0 hand axe (3)]
  2286 | D:3      | 2286 ||| Stepping ~*~*~tactically~*~*~ (stealth).
  2288 | D:3      | 2288 ||| Stepping ~*~*~tactically~*~*~ (stealth).
  2289 | D:3      | 2289 ||| Stepping ~*~*~tactically~*~*~ (stealth).
  2329 | D:3      | 2329 ||| READING scroll labelled IGHUPL SIDI.
  2330 | D:3      | 2330 ||| READING scroll labelled AFIENE XONARGHODGHU.
  2384 | D:4      | You fall into a shaft and drop 2 floors!
  2411 | D:6      | Noticed a water moccasin
  2418 | D:6      | Killed a water moccasin
  2418 | D:6      | Reached * piety under Okawaru
  2419 | D:6      | Reached skill level 6 in Axes
  2472 | D:6      | Reached skill level 1 in Invocations
  2472 | D:6      | Reached XP level 7. HP: 42/43 MP: 7/7
  2503 | D:6      | Reached skill level 1 in Dodging
  2539 | D:6      | 2539 ||| Stepping ~*~*~tactically~*~*~ (stealth).
  2563 | D:6      | Noticed Prince Ribbit
  2564 | D:6      | 2564 ||| INVOKING Heroism.
  2569 | D:6      | HP: 9/43 [Prince Ribbit (14)]
  2580 | D:6      | HP: 2/43 [Prince Ribbit (10)]
  2580 | D:6      | Slain by Prince Ribbit

Levels and vault maps discovered:
D:1:      mrwooster_arrival_statue, layout_basic
D:2:      layout_rooms, hangedman_decor_lopped
D:3:      layout_rooms, lemuel_coloured_pillars_altar
D:4:      layout_gridville, minmay_temple_entry_large_hall, uniq_eustachio,
          uniq_ijyb
D:6:      layout_loops_cross, mainiacjoe_overflow_alcove_4, minmay_mini_ossuary,
          uniq_prince_ribbit1

Skill      XL: |  1  2  3  4  5  6  7 |
---------------+----------------------+-----
Axes           | 2 3 4 5 6 |  6.3
Fighting       | 4 |  4.0
Invocations    | 1 2 |  2.7
Dodging        | 1 |  1.3
Armour         | |  3.2
Shields        | |  3.2

Action                   |  1- 3 |  4- 6 |  7- 9 || total
-------------------------+-------+-------+-------++-------
Melee: War axe           |    82 |   145 |    28 ||   255
Invok: Heroism           |       |       |     1 ||     1
  Use: Scroll            |     5 |     4 |       ||     9
       Potion            |     2 |       |       ||     2
Armor: Scale mail        |    37 |    21 |       ||    58
       Chain mail        |       |    55 |    20 ||    75
Dodge: Dodged            |    37 |    60 |     7 ||   104
Block: Buckler           |     9 |    19 |     5 ||    33

Table legend:
 A = Non-vault XP
 B = Vault XP
 C = Vault XP percentage of total XP
 D = Non-vault monster count
 E = Vault monster count
 F = Vault count percentage of total count
                 A         B        C        D         E       F
            +---------+---------+-------+---------+---------+-------
      Total |     878 |       4 |   0.5 |      77 |       4 |   4.9
            +---------+---------+-------+---------+---------+-------
        D:1 |      59 |       0 |   0.0 |      26 |       0 |   0.0
        D:2 |     113 |       0 |   0.0 |      23 |       0 |   0.0
        D:3 |     206 |       0 |   0.0 |      19 |       0 |   0.0
        D:4 |      13 |       0 |   0.0 |       1 |       0 |   0.0
        D:6 |     487 |       4 |   0.8 |       8 |       4 |  33.3
            +---------+---------+-------+---------+---------+-------
